 Dungeon Crawl Stone Soup version 0.19-a0-628-g9200b3b (webtiles) character file.

24364 mistymad the Thaumaturge (level 13, -11/115 HPs)
             Began as a Naga Transmuter on June 13, 2016.
             Was a Follower of Ru.
             Mangled by an elephant (12 damage)
             ... on level 4 of the Lair of Beasts on June 14, 2016.
             The game lasted 02:18:26 (24321 turns).

mistymad the Thaumaturge (Naga Transmuter)         Turns: 24321, Time: 02:18:27

Health: -11/115    AC:  9    Str: 13    XL:     13   Next: 12%
Magic:  12/26      EV:  8    Int: 20    God:    Ru [*.....]
Gold:   682        SH:  3    Dex: 12    Spells: 9 memorised, 5 levels left

rFire  . . .     SeeInvis +       - Unarmed
rCold  + . .     Gourm    .     Y - +3 leather armour of Fortitude {MR+ Int+2}
rNeg   . . .     Faith    .     (shield currently unavailable)
rPois  +         Spirit   .     U - +0 hat {MR+}
rElec  .         Dismiss  .     m - +0 cloak
rCorr  .         Reflect  +     (gloves currently unavailable)
SustAt .         Harm     .     (no barding)
MR     +++..                    J - +3 amulet of reflection
Stlth  ++++......               n - ring of wizardry
                                W - ring of protection from cold

@: blade hands, very slightly contaminated, very slow, extremely resistant to
hostile enchantments, stealthy
A: see invisible, deformed body, poison resistance, slowness 2, slow metabolism
1, spit poison 2, inability to train dodging, MP-powered wands, constrict 1, AC
+4
a: Spit Poison, End Transformation, Sacrifice Words, Sacrifice Purity, Sacrifice
Arcana, Reject Sacrifices, Renounce Religion


You were on level 4 of the Lair of Beasts.
You worshipped Ru.
Ru was aware of your devotion.
You were near starving.
You had blades for hands.
You visited 3 branches of the dungeon, and saw 16 of its levels.

You collected 972 gold pieces.
You spent 290 gold pieces at shops.

Inventory:

Missiles
 a - 12 arrows
Armour
 b - a +0 robe
 m - a +0 cloak (worn)
 D - the +0 buckler of the Sun (melded) {rC+ Str+2}
   (You bought it in a shop on level 8 of the Dungeon)

   It affects your strength (+2).
   It protects you from cold.
 U - a +0 hat of magic resistance (worn)
 X - a +0 pair of gloves (melded)
 Y - the +3 leather armour of Fortitude (worn) {MR+ Int+2}
   (You found it on level 1 of the Lair of Beasts)

   It affects your intelligence (+2).
   It affects your resistance to hostile enchantments.
Jewellery
 h - an uncursed ring of resist corrosion
 n - a ring of wizardry (right scythe-like blade)
 s - an uncursed ring of protection from fire
 I - an uncursed ring of positive energy
 J - a +3 amulet of reflection (around neck)
 W - a ring of protection from cold (left scythe-like blade)
Wands
 o - a wand of disintegration (14/24)
 y - a wand of lightning (3/15)
 L - a wand of disintegration (3/24)
 M - a wand of teleportation (2/9)
 N - a wand of iceblast (4/15)
 O - a wand of enslavement (10/24)
Scrolls
 e - 2 scrolls of enchant armour
 i - a scroll of enchant weapon
 j - 11 scrolls of teleportation {unknown}
 u - 7 scrolls of remove curse
 w - a scroll of random uselessness {unknown}
 z - a scroll of torment {unknown}
 C - 2 scrolls of fog {unknown}
 H - a scroll of vulnerability
 R - 3 scrolls of recharging
Potions
 g - a potion of magic
 q - 5 potions of curing
 r - 2 potions of berserk rage
 t - 2 potions of invisibility
 v - a potion of brilliance
 E - a potion of resistance
 P - a potion of agility
 S - 2 potions of ambrosia
 T - a potion of beneficial mutation
 V - a potion of mutation
 Z - a potion of might {unknown}
Books
 c - a book of Changes

   Spells                             Type                      Level
   a - Beastly Appendage              Transmutation                1
   b - Sticks to Snakes               Transmutation                2
   c - Spider Form                    Transmutation/Poison         3
   d - Ice Form                       Ice/Transmutation            4
   e - Blade Hands                    Transmutation                5
 A - a book of Spatial Translocations

   Spells                             Type                      Level
   a - Apportation                    Translocation                1
   b - Blink                          Translocation                2
   c - Shroud of Golubria             Charms/Translocation         2
   d - Portal Projectile              Translocation                3
   e - Teleport Other                 Translocation                3
   f - Passage of Golubria            Translocation                4
 K - a book of Geomancy

   Spells                             Type                      Level
   a - Sandblast                      Earth                        1
   b - Passwall                       Transmutation/Earth          2
   c - Stone Arrow                    Conjuration/Earth            3
   d - Petrify                        Transmutation/Earth          4
   e - Lee's Rapid Deconstruction     Earth                        5
 Q - a book of Battle

   Spells                             Type                      Level
   a - Infusion                       Charms                       1
   b - Shroud of Golubria             Charms/Translocation         2
   c - Song of Slaying                Charms                       2
   d - Spectral Weapon                Hexes/Charms                 3
   e - Regeneration                   Charms/Necromancy            3
Comestibles
 d - 8 bread rations
 f - 8 fruits
 l - 5 beef jerkies
 p - 4 meat rations
 B - 2 royal jellies
 F - 7 slices of pizza


   Skills:
 - Level 7.2 Fighting
 - Level 0.1 Armour
   Level 0.0 Dodging
 - Level 7.4 Stealth
 - Level 7.8 Unarmed Combat
 + Level 9.1 Spellcasting
 + Level 5.8 Conjurations
 - Level 4.4 Translocations
 - Level 8.0 Transmutations
 + Level 7.4 Earth Magic
 - Level 8.1 Poison Magic


You had 5 spell levels left.
You knew the following spells:

 Your Spells              Type           Power        Failure   Level  Hunger
a - Beastly Appendage     Tmut           #####.       4%          1    None
b - Sticks to Snakes      Tmut           #####...     6%          2    None
c - Spider Form           Tmut/Pois      #####.....   7%          3    None
d - Blink                 Tloc           N/A          10%         2    None
e - Shroud of Golubria    Chrm/Tloc      ###.......   17%         2    None
f - Passwall              Tmut/Erth      #####.....   6%          2    None
g - Blade Hands           Tmut           #####.....   22%         5    #####..
h - Stone Arrow           Conj/Erth      #####.       9%          3    None
i - Lee's Rapid Deconstr  Erth           #####.....   26%         5    #####..


Dungeon Overview and Level Annotations

Branches:
Dungeon (9/15)             Temple (1/1) D:7            Lair (6/6) D:9
  Swamp (0/4) Lair:3        Snake (0/4) Lair:3          Orc (0/2) D:9
  Slime: Lair:5-6

Altars:
Ashenzari
Cheibriados
Dithmenos
Elyvilon
Fedhas
Gozag
Hepliaklqana
Kikubaaqudgha
Makhleb
Nemelex Xobeh
Okawaru
Pakellas
Qazlal
Ru
Sif Muna
Trog
Uskayaw
Vehumet
Xom
Yredelemnul
The Shining One

Shops:
D:8 [?=


Innate Abilities, Weirdness & Mutations

You cannot wear boots.
Your serpentine skin is tough. (AC +4)
You have supernaturally acute eyesight. (SInv)
Armour fits poorly on your strangely shaped body.
Your system is resistant to poisons. (rPois)
You cover ground very slowly.
You have a slow metabolism.
You can spit poison.
You cannot train Dodging skill.
You can use your snake-like lower body to constrict enemies.
You expend magic power (3 MP) to strengthen your wands.


Message History

The elephant is moderately wounded.
The elephant tramples you!
* * * LOW HITPOINT WARNING * * *
You hold your ground!
The elephant trunk-slaps you but does no damage.
Your ball python bites the elephant but does no damage.
Your adder bites the elephant.
You take 14 damage, and have 12/115 hp.
You hit the elephant.
The elephant is moderately wounded.
The elephant tramples you!
* * * LOW HITPOINT WARNING * * *
You stumble backwards!
Your adder bites the elephant.
Your ball python bites the elephant.
You take 11 damage, and have 1/115 hp.
Unknown command.
You slash the elephant!
The elephant is heavily wounded.
The elephant tramples you!
You die...

.### #....>........# #.)##
#P............ ...)###
##...........# .##.#P#
###...........##
###...#####..............#
###.#.#.............[..#
#.....................#
##.######P...........##
### ##...@.......##
#...SY........#
###.S>###..#### #....#
#### ##..########
##+#...##..# ###### ###
##..........#
#.##.###.###^.........##
..........###.........#


You could see an elephant, a friendly adder and a friendly ball python.

Vanquished Creatures
  Gastronok (Lair:1)
  A hydra (Lair:5)
  A griffon (Lair:3)
  3 elephants
  A black mamba (Lair:3)
  5 spiny frogs
  4 rime drakes
  6 komodo dragons
  2 polar bears (Lair:5)
  8 blink frogs (Lair:5)
  13 yaks
  3 wyverns
  A human (D:7)
  A steam dragon (Lair:2)
  9 hippogriffs
  4 swamp worms (Lair:3)
  Edmund (D:6)
  2 nagas (Lair:3)
  3 wargs (D:9)
  8 water moccasins
  3 orc warriors (D:9)
  5 porcupines
  2 black bears (Lair:1)
  A phantom (D:9)
  17 wolves
  3 centaurs
  4 ogres
  10 crocodiles
  5 big kobolds
  14 giant frogs
  3 scorpions
  8 killer bees (D:9)
  2 howler monkeys
  2 crimson imps
  A centaur zombie (D:5)
  4 hounds
  7 orc priests
  A giant frog skeleton (D:9)
  Terence (D:3)
  5 iguanas
  Ijyb (D:2)
  8 worker ants
  4 orc wizards
  13 sheep
  7 ogre zombies (D:9)
  A hound zombie (D:9)
  A worker ant zombie (D:8)
  Robin (D:2)
  9 adders
  A gnoll (D:8)
  34 river rats
  2 shadow imps
  An adder skeleton (D:4)
  2 worms
  A dart slug (D:3)
  7 giant geckos
  25 orcs
  4 bat zombies (D:7)
  2 giant cockroaches
  10 goblins
  11 hobgoblins
  10 jackals
  26 kobolds
  5 quokkas
  2 ball pythons
  13 bats
  8 giant newts
  A goblin skeleton (D:9)
  A goblin zombie (D:9)
  A hobgoblin skeleton (D:9)
  4 hobgoblin zombies (D:9)
  A jackal skeleton (D:4)
  An orc skeleton (D:9)
  12 orc zombies (D:9)
  9 rats
414 creatures vanquished.

Vanquished Creatures (collateral kills)
  A hydra (Lair:5)
  2 black mambas (Lair:1)
  An elephant (Lair:3)
  2 blink frogs (Lair:5)
  A hippogriff (Lair:1)
  A hungry ghost (D:9)
  2 yaks (Lair:5)
  A naga (Lair:3)
  2 swamp worms (Lair:3)
  A water moccasin (D:5)
  An orc warrior (D:5)
  3 wolves
  2 giant frogs
  A killer bee (D:9)
  A troll zombie (D:9)
  A centaur zombie (D:9)
  An orc wizard (D:9)
  A sheep (Lair:5)
  3 river rats
  4 orcs (D:9)
  A giant cockroach (D:3)
  2 goblins
  A hobgoblin (D:2)
  4 jackals
  A goblin zombie (D:9)
  A jackal skeleton (D:4)
  4 orc zombies (D:9)
46 creatures vanquished.

Vanquished Creatures (others)
  A deep elf knight (D:5)
  A naga (Lair:3)
  An iguana (Lair:1)
  12 fungi
  4 plants (Lair:5)
19 creatures vanquished.

Grand Total: 479 creatures vanquished

Notes
Turn   | Place    | Note
--------------------------------------------------------------
     0 | D:1      | mistymad the Naga Transmuter began the quest for the Orb.
     0 | D:1      | Reached XP level 1. HP: 18/18 MP: 3/3
   555 | D:1      | Reached XP level 2. HP: 25/25 MP: 5/5
   559 | D:1      | Learned a level 2 spell: Sticks to Snakes
   579 | D:1      | Gained mutation: You are frail. (-10% HP) [potion of mutation]
   579 | D:1      | Lost mutation: You are frail. (-10% HP) [potion of mutation]
   579 | D:1      | Gained mutation: You expend magic power (3 MP) to strengthen your wands. [potion of mutation]
   591 | D:1      | HP: 1/25 [bat (1)]
  1127 | D:1      | Reached skill level 1 in Stealth
  1400 | D:1      | Reached XP level 3. HP: 19/31 MP: 3/6
  1746 | D:1      | Learned a level 3 spell: Spider Form
  2045 | D:2      | Noticed Robin
  2282 | D:3      | Found a basalt altar of Yredelemnul.
  2394 | D:3      | Reached skill level 1 in Poison Magic
  2489 | D:3      | Reached XP level 4. HP: 37/38 MP: 7/7
  2808 | D:3      | Noticed Terence
  2819 | D:2      | Noticed Ijyb
  3502 | D:4      | Noticed an ogre
  3515 | D:4      | Killed an ogre
  3515 | D:4      | Reached XP level 5. HP: 15/45 MP: 1/8
  3761 | D:4      | Noticed an ogre
  3781 | D:4      | Killed an ogre
  3781 | D:4      | Reached XP level 6. HP: 25/52 MP: 6/10
  3990 | D:4      | Found an iron altar of Okawaru.
  4388 | D:4      | You fall through a shaft!
  4388 | D:5      | Entered Level 5 of the Dungeon
  4479 | D:5      | Found an oddly glowing altar of Pakellas.
  4480 | D:5      | Noticed a deep elf knight
  4482 | D:5      | Killed a deep elf knight
  4634 | D:5      | Reached skill level 3 in Spellcasting
  4759 | D:5      | Noticed a water moccasin
  4856 | D:5      | Reached XP level 7. HP: 49/61 MP: 8/11
  4943 | D:6      | Found a shattered altar of Ashenzari.
  5028 | D:6      | Reached skill level 5 in Poison Magic
  5234 | D:6      | Found a glowing golden altar of the Shining One.
  5407 | D:6      | Noticed Edmund
  5461 | D:7      | Found a staircase to the Ecumenical Temple.
  5470 | Temple   | Entered the Ecumenical Temple
  5714 | D:7      | Reached XP level 8. HP: 18/69 MP: 9/13
  5959 | Temple   | Became a worshipper of Ru the Awakened
  6081 | D:7      | Learned a level 2 spell: Blink
  6182 | D:7      | Found an ancient bone altar of Kikubaaqudgha.
  6617 | D:7      | Found an opulent altar of Gozag.
  6658 | D:7      | Reached skill level 1 in Translocations
  6913 | D:7      | Noticed a yak
  6933 | D:7      | Reached skill level 4 in Spellcasting
  6937 | D:8      | Found Asentaov's Armour Shop.
  6978 | D:8      | Bought the cursed +0 buckler of the Sun {rC+ Str+2} for 236 gold pieces
  7028 | D:8      | Reached skill level 5 in Transmutations
  7214 | D:8      | Noticed a yak
  7215 | D:8      | Noticed a yak
  7216 | D:8      | Noticed a yak
  7216 | D:8      | Noticed a yak
  7246 | D:7      | Killed a yak
  7246 | D:7      | Reached XP level 9. HP: 78/78 MP: 15/15
  7366 | D:7      | Reached skill level 5 in Unarmed Combat
  7534 | D:8      | Learned a level 2 spell: Shroud of Golubria
  7707 | D:8      | Found a blossoming altar of Fedhas.
  8031 | D:8      | Found Vuinol Xeiwn's Magic Scroll Emporium.
  8117 | D:8      | Found Dyogeahu's Jewellery Boutique.
  8806 | D:9      | Reached skill level 5 in Fighting
  8832 | D:9      | Reached skill level 5 in Spellcasting
  8832 | D:9      | Reached XP level 10. HP: 67/88 MP: 14/17
  8918 | D:9      | Found a staircase to the Lair.
  9287 | D:9      | Found a deep blue altar of Sif Muna.
  9581 | D:9      | Learned a level 2 spell: Passwall
  9875 | D:9      | Reached skill level 5 in Dodging
 10269 | D:9      | Found a staircase to the Orcish Mines.
 11110 | D:6      | Killed Edmund
 11836 | D:3      | Killed Terence
 12238 | D:2      | Killed Robin
 12354 | D:2      | Killed Ijyb
 12747 | D:8      | Bought a +0 pair of gloves for 54 gold pieces
 12831 | Lair:1   | Entered Level 1 of the Lair of Beasts
 12831 | Lair:1   | Noticed a spiny frog
 12848 | D:9      | Killed a spiny frog
 13171 | Lair:1   | Reached skill level 6 in Spellcasting
 13264 | Lair:1   | Noticed a black mamba
 13284 | Lair:1   | Killed a black mamba
 13284 | Lair:1   | Reached XP level 11. HP: 34/97 MP: 14/20
 13286 | Lair:1   | Noticed Gastronok
 13312 | Lair:1   | Killed Gastronok
 13312 | Lair:1   | Reached skill level 5 in Stealth
 14099 | Lair:1   | Got an ancient leather armour
 14100 | Lair:1   | Identified the +3 leather armour of Fortitude {MR+ Int+2} (You found it on level 1 of the Lair of Beasts)
 14463 | Lair:1   | Gained mutation: You cannot train Dodging skill. [Ru sacrifice]
 14463 | Lair:1   | Reached * piety under Ru
 14834 | Lair:1   | Learned a level 5 spell: Blade Hands
 15636 | Lair:2   | Reached skill level 7 in Spellcasting
 15922 | Lair:2   | Learned a level 3 spell: Stone Arrow
 16657 | Lair:2   | Reached skill level 1 in Earth Magic
 17165 | Lair:2   | Reached XP level 12. HP: 103/109 MP: 15/22
 17481 | Lair:3   | Reached skill level 1 in Conjurations
 18308 | Lair:3   | Found a staircase to the Snake Pit.
 19485 | Lair:4   | Noticed a five-headed hydra
 20683 | Lair:4   | Reached skill level 5 in Earth Magic
 21183 | Lair:4   | Reached skill level 8 in Spellcasting
 22373 | Lair:5   | Noticed a death yak
 22536 | Lair:6   | Entered Level 6 of the Lair of Beasts
 22875 | Lair:5   | Noticed a four-headed hydra
 22888 | Lair:5   | Killed a four-headed hydra
 22888 | Lair:5   | Reached skill level 5 in Conjurations
 23334 | Lair:5   | Gained mutation: You can use your snake-like lower body to constrict enemies. [Naga growth]
 23334 | Lair:5   | Reached XP level 13. HP: 102/115 MP: 19/25
 23689 | Lair:5   | Learned a level 5 spell: Lee's Rapid Deconstruction
 23844 | Lair:5   | Reached skill level 9 in Spellcasting
 24320 | Lair:4   | HP: 1/115 [elephant (11)]
 24321 | Lair:4   | Mangled by an elephant

Vault maps used:
D:1:      sevenhm_arrival_forest_fort_large_2, minmay_misc_feat_pillars
D:2:      serial_bayou_crossing, uniq_robin, uniq_iyjb
D:3:      nicolae_overflow_crystal_walls, first_bread, serial_glass,
          glass_columns_b, glass_columns_c, glass_columns_b, glass_columns_c,
          glass_columns_b, glass_columns_a, item_on_display_a,
          item_on_display_a, uniq_terence
D:4:      kennysheep_mini
D:5:      gammafunk_pakellas_spire_experiment, serial_park_tiny_2
D:6:      lemuel_doored_altar, ashenzari_conservatory_becter,
          lemuel_coloured_pillars_altar, uniq_grinder, uniq_edmund
D:7:      lemuel_zombie_altar_kikubaaqudgha, nicolae_gozag_seed_capital,
          minmay_temple_entry_glass, grunt_livestock, serial_park_tiny_1,
          minivault_22
D:8:      old_standard_altar, serial_shops, shop_fountains, shop,
          nicolae_shop_competitors_out_of_business
D:9:      lemuel_crystal_altar, erik_lair_orcish_takeover, zombieorc2_lemuel,
          eino_jars
Temple:   zaba_magenta_temple_12
Lair:1:   serial_bayou_pond_a, uniq_gastronok
Lair:2:   patterned_corridor, infiniplex_staircase_pool_2
Lair:3:   nicolae_swamp_entry_splash_gauntlet,
          minmay_snake_entry_guardpost_small
Lair:5:   beast_lair_carwin_5, lemuel_fruit_fields
Lair:6:   guppyfry_lair_end_dragon, wormcave, slime_dummy,
          nicolae_volcano_entry_lava_flow, minmay_another_anthill, uniq_snorg

Skill      XL: |  1  2  3  4  5  6  7  8  9 10 11 12 13 |
---------------+----------------------------------------+-----
Transmutations | 3 4 5 6 8 |  8.0
Stealth        | 1 2 4 7 |  7.4
Poison Magic   | 1 3 4 5 6 7 8 |  8.1
Fighting       | 2 3 4 5 6 7 |  7.2
Dodging        | 2 3 4 5 0 |  0.0
Spellcasting   | 3 4 5 6 7 8 9 |  9.1
Unarmed Combat | 4 5 6 7 |  7.8
Translocations | 2 3 4 |  4.4
Earth Magic    | 1 7 |  7.4
Conjurations   | 5 |  5.8
Armour         | |  0.1

Action                   |  1- 3 |  4- 6 |  7- 9 | 10-12 | 13-15 || total
-------------------------+-------+-------+-------+-------+-------++-------
Melee: Dagger            |    98 |    35 |     5 |       |       ||   138
       Headbutt          |     5 |       |       |       |       ||     5
       Unarmed           |       |    89 |   300 |  1082 |    36 ||  1507
       Punch             |       |       |       |     6 |       ||     6
       Constrict         |       |       |       |       |     4 ||     4
 Fire: Blowgun           |       |       |    12 |    19 |       ||    31
 Cast: Beastly Appendage |     4 |       |       |     1 |       ||     5
       Sticks to Snakes  |     7 |     3 |     3 |    98 |    12 ||   123
       Spider Form       |       |    16 |    38 |    89 |       ||   143
       Blade Hands       |       |       |       |    31 |     6 ||    37
       Stone Arrow       |       |       |       |     4 |       ||     4
       Lee's Rapid Decon |       |       |       |       |     4 ||     4
Invok: Sacrifice Nimblen |       |       |       |     1 |       ||     1
 Abil: Spit Poison       |    34 |    21 |    12 |     4 |       ||    71
Evoke: Wand              |       |       |       |     5 |     1 ||     6
  Use: Scroll            |     2 |     6 |     1 |    18 |     2 ||    29
       Potion            |     2 |     2 |       |     6 |       ||    10
 Stab: Sleeping          |     2 |     2 |     1 |    12 |       ||    17
       Distracted        |       |       |       |    13 |       ||    13
  Eat: Chunk             |     6 |    10 |    10 |    35 |     4 ||    65
       Bread ration      |       |       |     1 |     3 |       ||     4
       Royal jelly       |       |       |       |     1 |       ||     1
Armor: Robe              |    26 |    11 |     4 |     4 |       ||    45
       Skin              |       |     4 |    23 |    38 |       ||    65
       Leather armour    |       |       |       |    87 |    25 ||   112
Dodge: Dodged            |    68 |   110 |   279 |   796 |    19 ||  1272
Block: Other             |       |       |     3 |    92 |     2 ||    97
       Buckler           |       |       |     3 |    22 |     9 ||    34
       Reflection        |       |       |       |     2 |       ||     2
